 Dungeon Crawl Stone Soup version 0.28.0-43-g3370ac3207 (webtiles) character file.

Game seed: 11912508947943811545

963 pkoi the Destroyer (level 7, -5/36 HPs)
             Began as a Deep Elf Conjurer on Mar 7, 2022.
             Was an Initiate of Sif Muna.
             Slain by a centaur warrior zombie (8 damage)
             ... on level 5 of the Dungeon.
             The game lasted 00:06:40 (8824 turns).

pkoi the Destroyer (Deep Elf Conjurer)              Turns: 8824, Time: 00:06:41

Health: -5/36      AC:  4    Str:  4    XL:     7   Next: 92%
Magic:  1/17       EV: 12    Int: 25    God:    Sif Muna [......]
Gold:   134        SH:  0    Dex: 13    Spells: 6/17 levels left

rFire   . . .      SeeInvis .   b - +0 whip
rCold   . . .      Faith    .   (no shield)
rNeg    . . .      Spirit   .   a - +1 robe
rPois   .          Reflect  .   (no helmet)
rElec   .          Harm     .   p - +0 cloak
rCorr   .          Rampage  .   (no gloves)
Will    .....                   (no boots)
Stlth   ++........              (no amulet)
HPRegen 0.12/turn               (no ring)
MPRegen 0.15/turn               (no ring)

@: no status effects
A: no striking features
a: Renounce Religion


You were on level 5 of the Dungeon.
You worshipped Sif Muna.
Sif Muna was noncommittal.
You visited 1 branch of the dungeon, and saw 5 of its levels.

You collected 134 gold pieces.

Inventory:

Hand Weapons
 b - a +0 whip (weapon)
Missiles
 e - a throwing net
Armour
 a - a +1 robe (worn)
 p - a +0 cloak (worn)
Wands
 g - a wand of flame (9)
 l - a wand of acid (12)
 m - a wand of charming (12)
Scrolls
 f - a scroll of amnesia
 h - a scroll of teleportation
 k - 2 scrolls of enchant armour
 n - a scroll of fog
Potions
 c - a potion of mutation
 d - a potion of might
 i - a potion of ambrosia {unknown}
 j - a potion of invisibility {unknown}
 o - a potion of haste {unknown}


   Skills:
 - Level 2.4 Dodging
 + Level 2.4 Stealth
 + Level 5.5 Spellcasting
 + Level 8.0 Conjurations
 + Level 6.1 Hexes
 + Level 3.0 Translocations
 + Level 0.0 Invocations
 + Level 0.0 Evocations


You had 6 spell levels left.
You knew the following spells:

 Your Spells              Type           Power      Damage    Failure   Level
a - Magic Dart            Conj           100%       1d8       1%          1
b - Searing Ray           Conj           94%        2d7       1%          2
c - Fulminant Prism       Conj/Hex       21%        3d13      4%          4
d - Iskenderun's Mystic   Conj/Tloc      34%        2d8       8%          4

Your spell library contained the following spells:

 Spells                   Type           Power      Damage    Failure   Level
 Shock                    Conj/Air       100%       1d9       1%          1
 Dazzling Flash           Conj/Hex       84%        N/A       1%          3
 Stone Arrow              Conj/Erth      54%        3d10      4%          3
 Sandblast                Erth           12%        2d6       8%          1
 Sting                    Tmut/Pois      24%        1d4       8%          1
 Passwall                 Tmut/Erth      5%         N/A       12%         2
 Poisonous Vapours        Pois/Air       12%        N/A       12%         2
 Scorch                   Fire           12%        2d6       12%         2
 Swiftness                Air            6%         N/A       24%         3
 Airstrike                Air            3%         N/A       61%         4
 Ignition                 Fire           3%         3d4       100%        8


Dungeon Overview and Level Annotations

Branches:
Dungeon (5/15)
 Temple: D:4-7

Altars:
Cheibriados
Kikubaaqudgha
Ru
Sif Muna
Vehumet
Xom


Message History

Confirm with . or Enter, or press ? or * to list all spells.
The spell is quite dangerous to miscast (8% risk of failure)!
Continue anyway?
You erupt in a blast of force!
The mystic blast hits the centaur warrior zombie.
The centaur warrior zombie is moderately damaged.
The centaur warrior zombie is knocked back by the mystic blast.
The centaur warrior zombie slams into the rock wall!
The centaur warrior zombie is moderately damaged.
The centaur warrior zombie hits you but does no damage.
The centaur warrior zombie kicks you.
* * * LOW HITPOINT WARNING * * *
Casting: Iskenderun's Mystic Blast (quite dangerous; 8% risk of failure)
Confirm with . or Enter, or press ? or * to list all spells.
The spell is quite dangerous to miscast (8% risk of failure)!
Continue anyway?
You erupt in a blast of force!
The mystic blast hits the centaur warrior zombie.
The centaur warrior zombie is heavily damaged.
The centaur warrior zombie is knocked back by the mystic blast.
The centaur warrior zombie slams into the rock wall!
The centaur warrior zombie is heavily damaged.
Unknown command.
Casting: Iskenderun's Mystic Blast (quite dangerous; 8% risk of failure)
Confirm with . or Enter, or press ? or * to list all spells.
The spell is quite dangerous to miscast (8% risk of failure)!
Continue anyway?
You erupt in a blast of force!
The mystic blast hits the centaur warrior zombie!
The centaur warrior zombie is heavily damaged.
The centaur warrior zombie is knocked back by the mystic blast.
The centaur warrior zombie slams into the rock wall!
The centaur warrior zombie is severely damaged.
The centaur warrior zombie hits you!
* * * LOW HITPOINT WARNING * * *
The centaur warrior zombie kicks you but does no damage.
You hit the centaur warrior zombie.
The centaur warrior zombie is severely damaged.
The centaur warrior zombie hits you!
* * * LOW HITPOINT WARNING * * *
The centaur warrior zombie kicks you but does no damage.
The centaur warrior zombie hits you!
You die...

#######+## ####
........<######.#.
.........#..#...#.
.........'..#.).#.
.........######'#.
+###########............
...........'............
.......@...#............
.......Z...#............
##############..........
########### ##... #...
...


You could see a centaur warrior zombie.

Vanquished Creatures
  2 ogres (D:4)
  A bullfrog (D:4)
  A water moccasin zombie (D:5)
  3 scorpions
  A bullfrog zombie (D:5)
  A bullfrog skeleton (D:4)
  An orc priest (D:4)
  2 gnoll shamans (D:4)
  An orc wizard (D:3)
  17 gnolls
  5 adders
  An ufetubus (D:4)
  An adder skeleton (D:4)
  5 worms
  A dart slug (D:3)
  9 orcs
  3 bats
  6 endoplasms
  5 goblins
  5 hobgoblins
  4 jackals (D:5)
  4 quokkas
  12 ball pythons
  4 frilled lizards
  8 kobolds
  3 rats
  A spectral kobold (D:1)
107 creatures vanquished.

Vanquished Creatures (others)
  2 fulminant prisms (D:4)
2 creatures vanquished.

Grand Total: 109 creatures vanquished

Notes
Turn   | Place    | Note
-------+----------+-------------------------------------------
     0 | D:1      | pkoi the Deep Elf Conjurer began the quest for the Orb.
     0 | D:1      | Reached XP level 1. HP: 10/10 MP: 6/6
   398 | D:1      | Reached XP level 2. HP: 15/15 MP: 6/8
   428 | D:1      | Reached skill level 5 in Conjurations
   813 | D:1      | Found a faded altar of an unknown god.
  1413 | D:2      | Learned a level 2 spell: Searing Ray
  1582 | D:2      | Reached XP level 3. HP: 19/19 MP: 7/9
  1869 | D:2      | Reached skill level 6 in Conjurations
  1921 | D:2      | Reached XP level 4. HP: 24/24 MP: 4/10
  3063 | D:3      | Learned a level 4 spell: Fulminant Prism
  3356 | D:3      | Reached skill level 1 in Hexes
  3491 | D:3      | Reached XP level 5. HP: 22/28 MP: 7/11
  3790 | D:3      | Found a radiant altar of Vehumet.
  3799 | D:3      | Reached skill level 7 in Conjurations
  4039 | D:3      | Found a shimmering altar of Xom.
  4287 | D:3      | Found an ancient bone altar of Kikubaaqudgha.
  4287 | D:3      | Found a shimmering blue altar of Sif Muna.
  4294 | D:3      | Found a sacrificial altar of Ru.
  4296 | D:3      | Became a worshipper of Sif Muna the Loreminder
  5142 | D:4      | Learned a level 4 spell: Iskenderun's Mystic Blast
  5191 | D:4      | Reached XP level 6. HP: 23/32 MP: 5/13
  5773 | D:4      | HP: 1/32 [gnoll/+0 spear (7)]
  6248 | D:4      | Reached skill level 5 in Hexes
  6389 | D:4      | Found a snail-covered altar of Cheibriados.
  6508 | D:4      | Reached XP level 7. HP: 36/36 MP: 7/16
  6984 | D:4      | Reached skill level 1 in Translocations
  7030 | D:4      | Reached skill level 5 in Spellcasting
  7295 | D:5      | Entered Level 5 of the Dungeon
  7976 | D:5      | Reached skill level 8 in Conjurations
  8079 | D:5      | Reached * piety under Sif Muna
  8665 | D:5      | Got Sif Muna's Collected Works on Venomous Ignition
  8824 | D:5      | Slain by a centaur warrior zombie

Illustrated notes

Levels and vault maps discovered:
D:1:      dpeg_arrival_water_temple_mockup, layout_basic,
          dreamdust_ecumenical_altar_drowned_temple
D:2:      layout_rooms
D:3:      layout_loops_cross, nicolae_overflow_hallway_of_the_gods
D:4:      layout_loops_cross, mainiacjoe_overflow_paths
D:5:      kennysheep_spiral_hall, layout_gridville, nicolae_elevator_lobby_plus

Skill      XL: |  1  2  3  4  5  6  7 |
---------------+----------------------+-----
Conjurations   | 5 6 7 8 |  8.0
Hexes          | 1 3 5 6 |  6.1
Spellcasting   | 4 5 |  5.5
Translocations | 3 |  3.0
Dodging        | |  2.4
Stealth        | |  2.4

Action                   |  1- 3 |  4- 6 |  7- 9 || total
-------------------------+-------+-------+-------++-------
Melee: Whip              |       |     2 |     1 ||     3
 Cast: Magic Dart        |    67 |   148 |    54 ||   269
       Searing Ray       |       |     6 |     4 ||    10
       Fulminant Prism   |       |     2 |       ||     2
       Iskenderun's Myst |       |       |     3 ||     3
  Use: Scroll            |     3 |     5 |       ||     8
       Potion            |     3 |     1 |       ||     4
Armor: Robe              |       |     5 |     6 ||    11
Dodge: Dodged            |     2 |    23 |    12 ||    37
